 Dungeon Crawl Stone Soup version 0.23.2-40-g277498a (webtiles) character file.

Game seed: 10333135273140648637

2428 zhovat1 the Magician (level 9, -6/52 HPs)
             Began as a Deep Elf Fire Elementalist on Aug 25, 2019.
             Was a Believer of Vehumet.
             Mangled by an ogre
             ... wielding a +0 giant club
              (9 damage)
             ... on level 6 of the Dungeon.
             The game lasted 00:15:41 (7898 turns).

zhovat1 the Magician (Deep Elf Fire Elementalist)   Turns: 7898, Time: 00:15:42

Health: -6/52      AC:  3    Str:  5    XL:     9   Next: 24%
Magic:  9/21       EV: 16    Int: 24    God:    Vehumet [**....]
Gold:   111        SH:  0    Dex: 15    Spells: 7/22 levels left

rFire    . . .     SeeInvis .   q - +4 mace (protect)
rCold    . . .     Gourm    .   (no shield)
rNeg     . . .     Faith    .   a - +0 robe
rPois    .         Spirit   .   j - +0 helmet
rElec    .         Reflect  .   (no cloak)
rCorr    .         Harm     .   (no gloves)
MR       .....                  (no boots)
Stlth    ++........             b - amulet of regeneration
HPRegen  0.57/turn              (no ring)
MPRegen  0.17/turn              (no ring)

@: no status effects
A: no striking features
a: Renounce Religion


You were on level 6 of the Dungeon.
You worshipped Vehumet.
Vehumet was pleased with you.
You were hungry.

You visited 1 branch of the dungeon, and saw 6 of its levels.

You collected 111 gold pieces.

Inventory:

Hand Weapons
 d - a +2 short sword
 q - a +4 mace of protection (weapon)
Armour
 a - a +0 robe (worn)
 j - a +0 helmet (worn)
Jewellery
 b - an amulet of regeneration (around neck)
 s - an uncursed amulet of the acrobat {unknown}
Wands
 g - a wand of disintegration (27)
Scrolls
 m - 2 scrolls of amnesia
 n - a scroll of remove curse
Potions
 e - 4 potions of resistance
 f - a potion of lignification
 h - a potion of ambrosia
 i - a potion of agility {unknown}
 k - 3 potions of curing
 l - a potion of heal wounds
 o - 2 potions of brilliance {unknown}
 p - a potion of might {unknown}
 r - a potion of degeneration {unknown}
Comestibles
 c - 7 rations


   Skills:
 + Level 3.8 Fighting
 + Level 6.3 Dodging
 - Level 2.5 Stealth
 + Level 7.0 Spellcasting
 + Level 5.3 Conjurations
 - Level 3.2 Hexes
 + Level 6.3 Fire Magic
 - Level 3.0 Air Magic
 + Level 4.2 Evocations


You had 7 spell levels left.
You knew the following spells:

 Your Spells              Type           Power        Failure   Level  Hunger
a - Flame Tongue          Conj/Fire      #####        1%          1    None
b - Throw Flame           Conj/Fire      #####.       1%          2    None
c - Conjure Flame         Conj/Fire      #####...     1%          3    None
d - Fireball              Conj/Fire      #####.....   19%         5    #####..
e - Confuse               Hex            ###.....     6%          3    None
f - Shock                 Conj/Air       ####         1%          1    None

Your spell library contained the following spells:

 Spells                   Type           Power        Failure   Level  Hunger
 Corona                   Hex            ###....      1%          1    None
 Dazzling Spray           Conj/Hex       ####..       3%          3    None
 Inner Flame              Hex/Fire       ####....     3%          3    None
 Ensorcelled Hibernation  Hex/Ice        ###...       5%          2    None
 Tukima's Dance           Hex            ###.....     6%          3    None
 Sticky Flame             Conj/Fire      #####...     6%          4    ###....


Dungeon Overview and Level Annotations

Branches:
Dungeon (6/15)             Temple (0/1) D:5

Altars:
Ashenzari
Fedhas
Gozag
Kikubaaqudgha
Vehumet


Message History

The ogre hits you with a +0 giant club!
Casting: Flame Tongue (safe; 1% risk of failure)
Confirm with . or Enter, or press ? or * to list all spells.
Aiming: Flame Tongue (safe; 1% risk of failure)
Press: ? - help, Shift-Dir - straight line, f/p - ogre
Aim: an ogre, wielding a +0 giant club (heavily wounded)
The flame tongue hits the ogre!
The ogre is severely wounded.
The ogre hits you with a +0 giant club!!
Ouch! That really hurt!
* * * LOW HITPOINT WARNING * * *
Casting: Flame Tongue (safe; 1% risk of failure)
Confirm with . or Enter, or press ? or * to list all spells.
Aiming: Flame Tongue (safe; 1% risk of failure)
Press: ? - help, Shift-Dir - straight line, f/p - ogre
Aim: an ogre, wielding a +0 giant club (severely wounded)
The flame tongue hits the ogre.
The ogre is almost dead.
The ogre hits you with a +0 giant club!
You die...

...... ....# .........
........# .......#..
#.(.....#
........$######........
......##...#........$#
.#.....#.....%.......#
............(.......##.
.......................
..............O@.....#
...##...)#..........# .
..........##.........##..
...###..................#
# #.......)........(#.!
.......................
....###................
...## #.......#<.......
##. .........#>.......


You could see an ogre.

Vanquished Creatures
  Pikel (D:5)
  Grinder (D:5)
  Sigmund (D:5)
  Eustachio (D:4)
  A hungry ghost (D:2)
  A water moccasin (D:5)
  A sky beast (D:5)
  4 ogres
  A centaur (D:6)
  2 scorpions (D:4)
  2 crimson imps
  3 orc priests
  3 orc wizards (D:5)
  A centaur skeleton (D:4)
  3 worker ants
  2 hound zombies
  Robin (D:4)
  8 adders
  10 gnolls
  A shadow imp (D:5)
  3 oozes
  An adder skeleton (D:4)
  4 worms
  2 dart slugs
  A leopard gecko (D:1)
  15 orcs
  3 giant cockroaches
  12 hobgoblins
  17 jackals
  7 kobolds
  4 quokkas
  2 ball pythons
  4 bats
  6 frilled lizards
  13 goblins
  A jackal skeleton (D:5)
  A leopard gecko skeleton (D:5)
  A quokka skeleton (D:4)
  11 rats
156 creatures vanquished.

Vanquished Creatures (others)
  A howler monkey (D:5)
  An adder (D:5)
  2 fungi (D:2)
4 creatures vanquished.

Grand Total: 160 creatures vanquished

Notes
Turn   | Place    | Note
-------+----------+-------------------------------------------
     0 | D:1      | zhovat1 the Deep Elf Fire Elementalist began the quest for
                  | the Orb.
     0 | D:1      | Reached XP level 1. HP: 10/10 MP: 6/6
   335 | D:1      | Reached XP level 2. HP: 15/15 MP: 2/8
   385 | D:1      | Learned a level 2 spell: Throw Flame
  1424 | D:2      | Found a faded altar of an unknown god.
  1789 | D:2      | Reached XP level 3. HP: 20/20 MP: 6/9
  1804 | D:2      | Learned a level 3 spell: Conjure Flame
  2125 | D:2      | Reached skill level 1 in Fighting
  2376 | D:2      | Found a blossoming altar of Fedhas.
  2590 | D:2      | Reached XP level 4. HP: 25/25 MP: 8/11
  3137 | D:3      | Found a radiant altar of Vehumet.
  3170 | D:3      | Became a worshipper of Vehumet
  3397 | D:3      | Reached skill level 4 in Spellcasting
  3569 | D:3      | Noticed a hungry ghost
  3664 | D:2      | Killed a hungry ghost
  3664 | D:2      | Reached XP level 5. HP: 22/30 MP: 4/13
  3735 | D:3      | Reached XP level 6. HP: 35/35 MP: 11/14
  3742 | D:3      | Learned a level 5 spell: Fireball
  3746 | D:3      | Learned a level 3 spell: Confuse
  3903 | D:3      | Found a shattered altar of Ashenzari.
  4211 | D:3      | Reached * piety under Vehumet
  4211 | D:3      | Offered knowledge of Sandblast by Vehumet.
  4612 | D:4      | Noticed Eustachio
  4618 | D:4      | Killed Eustachio
  4618 | D:4      | Reached skill level 5 in Spellcasting
  4618 | D:4      | Reached skill level 1 in Hexes
  4618 | D:4      | Reached skill level 1 in Evocations
  4698 | D:4      | Reached XP level 7. HP: 31/40 MP: 6/16
  4864 | D:4      | Noticed Robin
  4868 | D:4      | Killed Robin
  5076 | D:4      | Reached skill level 5 in Fire Magic
  5510 | D:4      | Offered knowledge of Shock by Vehumet.
  5517 | D:4      | Learned a level 1 spell: Shock
  5837 | D:5      | Entered Level 5 of the Dungeon
  5837 | D:5      | Noticed Sigmund
  6014 | D:4      | Reached skill level 5 in Dodging
  6040 | D:5      | Killed Sigmund
  6040 | D:5      | Reached ** piety under Vehumet
  6040 | D:5      | Reached skill level 1 in Air Magic
  6040 | D:5      | Reached XP level 8. HP: 45/45 MP: 5/18
  6417 | D:5      | Found an ancient bone altar of Kikubaaqudgha.
  6451 | D:5      | Reached skill level 6 in Spellcasting
  6862 | D:5      | Found an opulent altar of Gozag.
  6966 | D:5      | Noticed Grinder
  6988 | D:5      | Killed Grinder
  7417 | D:5      | Noticed Pikel
  7429 | D:5      | Killed Pikel
  7429 | D:5      | Reached skill level 5 in Conjurations
  7429 | D:5      | Reached XP level 9. HP: 48/52 MP: 5/21
  7637 | D:5      | Found a staircase to the Ecumenical Temple.
  7669 | D:5      | Reached skill level 7 in Spellcasting
  7895 | D:6      | HP: 2/52 [ogre/+0 giant club (32)]
  7898 | D:6      | Mangled by an ogre

Skill      XL: |  1  2  3  4  5  6  7  8  9 |
---------------+----------------------------+-----
Dodging        | 3 4 5 6 |  6.3
Fighting       | 1 2 3 |  3.8
Conjurations   | 2 3 4 5 |  5.3
Fire Magic     | 4 5 6 |  6.3
Spellcasting   | 4 5 6 7 |  7.0
Hexes          | 1 3 |  3.2
Evocations     | 1 2 4 |  4.2
Air Magic      | 1 2 3 |  3.0
Stealth        | |  2.5

Action                   |  1- 3 |  4- 6 |  7- 9 || total
-------------------------+-------+-------+-------++-------
Melee: Unarmed           |     2 |       |       ||     2
       Short sword       |       |     9 |       ||     9
       Mace              |       |       |    56 ||    56
 Cast: Flame Tongue      |    71 |    74 |   141 ||   286
       Throw Flame       |     5 |    31 |    69 ||   105
       Confuse           |       |       |     9 ||     9
       Shock             |       |       |     9 ||     9
  Use: Scroll            |     2 |     8 |     6 ||    16
 Stab: Distracted        |       |     1 |       ||     1
       Confused          |       |       |     3 ||     3
  Eat: Chunk             |     5 |     7 |     9 ||    21
       Ration            |       |     1 |       ||     1
Armor: Robe              |     6 |    16 |    24 ||    46
Dodge: Dodged            |    24 |    36 |   102 ||   162
